 Dungeon Crawl Stone Soup version 0.31-a0-210-gccc998df9b (webtiles) character file.

Game seed: 13505871854045453925

15093 qw the Cleaver (level 12, -2/77 HPs)
             Began as a Gargoyle Fighter on June 29, 2023.
             Was an Elder of Okawaru.
             Slain by a death yak (5 damage)
             ... on level 1 of the Lair of Beasts.
             The game lasted 00:06:18 (11932 turns).

qw the Cleaver (Gargoyle Fighter)                  Turns: 11932, Time: 00:06:19

Health: -2/77      AC: 34    Str: 24    XL:     12   Next: 23%
Magic:  13/16      EV: 11    Int:  8    God:    Okawaru [****..]
Gold:   680        SH:  7    Dex: 15    Spells: 11/11 levels left

rFire   . . .        Y - +3 war axe
rCold   + + .        c - +0 buckler
rNeg    + . .        b - +1 plate armour
rPois   inf          e - +2 helmet
rElec   +            m - +2 cloak
rCorr   .            (no gloves)
SInv    .            (no boots)
Will    +....        l - amulet of Arruff {Regen+ Dex+6 Stlth-} Stlth
                     k - ring of willpower
HPRegen 1.12/turn    i - ring of protection from cold
MPRegen 0.15/turn

%: no passive effects
@: heroic, unable to drink
A: sickness immunity, AC +8, negative energy resistance 1, electricity
resistance, torment resistance 1, petrification resistance, cold resistance 1,
dopey 1, shaggy fur 1, inability to drink after injury 1, MP-powered wands
a: Renounce Religion, Heroism, Finesse


You were on level 1 of the Lair of Beasts.
You worshipped Okawaru.
Okawaru was greatly pleased with you.
You visited 3 branches of the dungeon, and saw 12 of its levels.
You also visited: Ossuary.

You collected 680 gold pieces.


Innate Abilities, Weirdness & Mutations

You are immune to sickness and miasma.
Your stone body is resilient. (AC +8)
You are immune to poison.
You resist negative energy. (rN+)
You are resistant to electric shocks. (rElec)
You are resistant to unholy torment.
You are immune to petrification.
Your flesh is cold resistant. (rC+)
You are dopey. (Int -2)
You are covered in fur. (AC +1)
You occasionally lose the ability to drink potions when taking damage.
You expend magic power (3 MP) to strengthen your wands.


   Skills:
 - Level 10.0(15.0) Fighting
 + Level 12.4(17.4) Axes
 - Level 2.1(7.1) Throwing
 - Level 9.0(14.0) Armour
 - Level 3.2(8.2) Dodging
 - Level 6.4(11.4) Shields
 + Level 5.5 Invocations


You had 11 spell levels left.
You didn't know any spells.
Your spell library was empty.

Inventory:

Hand Weapons
 v - a +5 morningstar
 Y - a +3 war axe (weapon)
Missiles
 t - 10 boomerangs (quivered)
Armour
 b - a +1 plate armour (worn)
 c - a +0 buckler (worn)
 e - a +2 helmet (worn)
 m - a +2 cloak (worn)
Jewellery
 i - a ring of protection from cold (right hand)
 k - a ring of willpower (left hand)
 l - the amulet of Arruff (around neck) {Regen+ Dex+6 Stlth-}
   (You found it on level 1 of the Lair of Beasts)

   [amulet of regeneration]

   Dex:       It affects your dexterity (+6).
   Regen:     It increases your rate of health regeneration.
   Stlth:     It makes you less stealthy.
 p - a ring of fire
Scrolls
 h - 10 scrolls of identify
Potions
 a - 3 potions of haste
 d - 5 potions of might
 f - 4 potions of curing
 g - 3 potions of lignification
 j - 3 potions of heal wounds
 n - 2 potions of cancellation
 o - a potion of magic
 q - 2 potions of attraction

Dungeon Overview and Level Annotations

Branches:
Dungeon (9/15)             Temple (1/1) D:7            Lair (2/5) D:9
    Orc (0/2) D:9         Ossuary (visited)
  Swamp: Lair:2-3    Shoals: Lair:2-3     Snake: Lair:2-3    Spider: Lair:2-3

Altars:
Ashenzari
Cheibriados
Dithmenos
Elyvilon
Fedhas
Gozag
Hepliaklqana
Makhleb
Nemelex Xobeh
Okawaru
Qazlal
Ru
Sif Muna
Trog
Vehumet
Wu Jian
Xom
Yredelemnul
Zin
The Shining One

Shops:
D:2 [


Message History

The death yak is severely wounded.
You slash the death yak! You completely miss the death yak.
The death yak gores you!
You feel threatened and lose the ability to drink potions!
The death yak gores you but does no damage.
The death yak closely misses you.
You slash the death yak!
The death yak is almost dead.
You hit the death yak but do no damage. x2
You hit the death yak.
The death yak is almost dead.
You hit the death yak. You hit the death yak but do no damage.
The death yak closely misses you. The death yak barely misses you.
The death yak gores you!
You slice the death yak!!
You kill the death yak!
Okawaru is honoured by your kill.
You hit the death yak. You hit the death yak but do no damage.
You block the death yak's attack. The death yak gores you!
Your base Dodging skill increases to level 3!
You slash the death yak!
The death yak is heavily wounded.
You hit the death yak.
You feel like a meek peon again.
The death yak gores you but does no damage. x2
11929 ||| INVOKING Heroism.
You gain the combat prowess of a mighty hero.
You block the death yak's attack. The death yak gores you.
You barely miss the death yak.
The death yak is heavily wounded.
You hit the death yak but do no damage. You barely miss the death yak.
The death yak is heavily wounded.
You slash the death yak!
The death yak gores you but does no damage. x2
You hit the death yak.
The death yak is heavily wounded.
You hit the death yak but do no damage. The death yak gores you. x2
You die...

.....# #......................
.....# #......................
.....## ##..###..........#......
....#.# ##..## ##.......##......#
.....####..## ##....#####.##.##
.....###..## ##..## ######
......#...# #####.## ##
#.......### ###Y###..# ###P
#......## ###.%@.#.#.## ####...
#.....######...Y.......# ##......
.....####.##....}.....## #.......
##...# #.......##.....#####......
####.####....#######....###......
#..##....#########...#........
##.##.....##^..#......##......
#.'...................+..#...
####.}.....}..>..}.....}..###..


You could see 2 death yaks.

Vanquished Creatures
  A two-headed ogre (D:8)
  A catoblepas (Lair:1)
  3 death yaks
  4 elephants (Lair:1)
  Maurice (D:8)
  Joseph (Lair:1)
  3 cane toads (Lair:1)
  A tengu conjurer (D:8)
  A troll (D:9)
  A shadow (D:9)
  4 wyverns
  10 yaks
  2 steam dragons (D:8)
  2 water moccasins
  6 orc warriors
  2 ice beasts
  2 sky beasts
  4 black bears
  4 centaurs
  An ogre (D:7)
  6 wolves (Lair:1)
  2 kobold brigands
  A phantom (D:6)
  2 gnoll sergeants
  2 scorpions
  20 bullfrogs
  5 wights (D:8)
  2 water moccasin skeletons (D:6)
  7 killer bees (D:8)
  5 bullfrog zombies (D:6)
  3 centaur zombies (D:6)
  7 orc priests
  6 hounds
  3 centaur skeletons (D:6)
  A jelly (D:5)
  Natasha (thrice) (D:3)
  Jessica (D:3)
  A gnoll bouda (D:4)
  5 iguanas
  9 orc wizards
  3 sleepcaps
  A howler monkey zombie (D:6)
  12 gnolls
  2 howler monkey skeletons (D:6)
  7 adders
  2 shadow imps
  A white imp (D:8)
  A worm (D:2)
  A dart slug (D:2)
  43 orcs
  6 ball pythons
  3 bats
  6 endoplasms
  3 giant cockroaches
  3 gnoll zombies (Ossuary)
  5 goblins
  2 jackals (D:3)
  9 kobolds
  4 quokkas
  A frilled lizard (D:2)
  3 gnoll skeletons (Ossuary)
  5 goblin skeletons (Ossuary)
  4 goblin zombies (Ossuary)
  4 hobgoblin skeletons (Ossuary)
  4 hobgoblin zombies (Ossuary)
  3 kobold skeletons (Ossuary)
  A kobold zombie (Ossuary)
  An orc zombie (Ossuary)
  6 rats
  A rat skeleton (Ossuary)
  A rat zombie (Ossuary)
  A spectral orc (D:6)
294 creatures vanquished.

Vanquished Creatures (others)
  A bullfrog (D:8)
1 creature vanquished.

Grand Total: 295 creatures vanquished

Notes
Turn   | Place    | Note
-------+----------+-------------------------------------------
     0 | D:1      | qw the Gargoyle Fighter began the quest for the Orb.
     0 | D:1      | Reached XP level 1. HP: 14/14 MP: 1/1
     0 | D:1      | 0 ||| qw: Version: 0.3-a-24-g62f9e04
     0 | D:1      | 0 ||| qw: Game counter: 6736
     0 | D:1      | 0 ||| qw: Melee chars always use a shield: true
     0 | D:1      | 0 ||| qw: God list: Okawaru
     0 | D:1      | 0 ||| qw: Allow faded altars: false
     0 | D:1      | 0 ||| qw: Do Orc after clearing Dungeon:15 true
     0 | D:1      | 0 ||| qw: Do second Lair branch before Depths: true
     0 | D:1      | 0 ||| qw: Lair rune preference: random
     0 | D:1      | 0 ||| qw: Goals: Normal, Zot:1-4, Slime:5, God:TSO, Crypt,
                  | Tomb, Abyss, Pan, Hells, Win
     0 | D:1      | 0 ||| PLANNING D:1-11
   102 | D:1      | Reached skill level 2 in Axes
   280 | D:1      | Reached XP level 2. HP: 19/19 MP: 2/2
   660 | D:1      | 660 ||| UPGRADING to +2 helmet.
   665 | D:1      | 665 ||| READING scroll labelled FONIWK OPLUIT.
   702 | D:2      | 702 ||| Stepping ~*~*~tactically~*~*~ (hiding).
   740 | D:2      | Reached skill level 3 in Axes
   899 | D:2      | Found Onwimi's Armour Shoppe.
   903 | D:2      | 903 ||| SHOPLISTING +1 ring mail of cold resistance (192
                  | gold, have 79).
   903 | D:2      | 903 ||| SHOPLISTING +2 cloak (198 gold, have 79).
   925 | D:2      | Reached XP level 3. HP: 23/23 MP: 3/3
  1016 | D:2      | 1016 ||| Stepping ~*~*~tactically~*~*~ (stealth).
  1211 | D:2      | 1211 ||| Stepping ~*~*~tactically~*~*~ (stealth).
  1212 | D:2      | 1212 ||| Stepping ~*~*~tactically~*~*~ (stealth).
  1379 | D:2      | 1379 ||| UPGRADING to +0 chain mail.
  1389 | D:2      | 1389 ||| DROPPING +0 scale mail.
  1390 | D:2      | 1390 ||| UPGRADING to ring of willpower.
  1391 | D:2      | 1391 ||| READING 3 scrolls labelled GIOXKAE NOTEYLAFI.
  1392 | D:2      | 1392 ||| READING 2 scrolls labelled FYITHR LORUI.
  1393 | D:2      | 1393 ||| DRINKING 2 glowing black potions.
  1394 | D:2      | 1394 ||| DRINKING 2 murky purple potions.
  1394 | D:2      | Gained mutation: Armour fits poorly on your strangely
                  | shaped body. [potion of mutation]
  1394 | D:2      | Gained mutation: You are partially covered in iridescent
                  | scales. (AC +2) [potion of mutation]
  1395 | D:2      | 1395 ||| DRINKING potion of mutation.
  1395 | D:2      | Lost mutation: You are partially covered in iridescent
                  | scales. (AC +2) [potion of mutation]
  1395 | D:2      | Lost mutation: Armour fits poorly on your strangely shaped
                  | body. [potion of mutation]
  1395 | D:2      | Gained mutation: You are frail. (-10% HP) [potion of
                  | mutation]
  1395 | D:2      | Gained mutation: You possess an exceptional clarity of
                  | mind. [potion of mutation]
  1395 | D:2      | Gained mutation: Your spells are a little harder to cast,
                  | but a little more powerful. [potion of mutation]
  1395 | D:2      | Gained mutation: You expend magic power (3 MP) to
                  | strengthen your wands. [potion of mutation]
  1396 | D:2      | 1396 ||| DRINKING 2 red potions.
  1397 | D:2      | 1397 ||| READING 2 scrolls of identify.
  1397 | D:2      | 1397 ||| IDENTIFYING blue potion
  1398 | D:2      | 1398 ||| DROPPING potion of degeneration.
  1399 | D:2      | 1399 ||| DROPPING scroll of revelation.
  1570 | D:3      | Reached skill level 4 in Axes
  1570 | D:3      | Reached XP level 4. HP: 16/25 MP: 4/4
  1785 | D:3      | Noticed Natasha
  1798 | D:3      | Killed Natasha
  1799 | D:3      | Reached XP level 5. HP: 19/28 MP: 5/5
  1847 | D:3      | Noticed Natasha
  1854 | D:3      | Killed Natasha
  1856 | D:3      | Reached skill level 5 in Axes
  1953 | D:3      | Noticed Jessica
  1954 | D:3      | 1954 ||| Stepping ~*~*~tactically~*~*~ (hiding).
  1955 | D:3      | 1955 ||| Stepping ~*~*~tactically~*~*~ (hiding).
  1956 | D:3      | 1956 ||| Stepping ~*~*~tactically~*~*~ (hiding).
  1957 | D:3      | 1957 ||| Stepping ~*~*~tactically~*~*~ (hiding).
  1963 | D:3      | Killed Jessica
  1992 | D:3      | Noticed Natasha
  1997 | D:3      | Killed Natasha
  2300 | D:3      | Reached XP level 6. HP: 31/34 MP: 6/6
  2466 | D:3      | 2466 ||| READING scroll labelled WIULEI COOKANG.
  2467 | D:3      | 2467 ||| DRINKING 2 pink potions.
  2498 | D:3      | 2498 ||| READING 3 scrolls of identify.
  2498 | D:3      | 2498 ||| IDENTIFYING fuming ruby potion
  2499 | D:3      | 2499 ||| READING 2 scrolls of identify.
  2499 | D:3      | 2499 ||| IDENTIFYING sapphire potion
  2540 | D:4      | 2540 ||| DRINKING potion of mutation.
  2540 | D:4      | Lost mutation: You possess an exceptional clarity of mind.
                  | [potion of mutation]
  2540 | D:4      | Lost mutation: Your spells are a little harder to cast, but
                  | a little more powerful. [potion of mutation]
  2540 | D:4      | Lost mutation: You are frail. (-10% HP) [potion of
                  | mutation]
  2540 | D:4      | Gained mutation: You occasionally lose the ability to drink
                  | potions when taking damage. [potion of mutation]
  2540 | D:4      | Gained mutation: You are dopey. (Int -2) [potion of
                  | mutation]
  2540 | D:4      | Gained mutation: Your flesh is cold resistant. (rC+)
                  | [potion of mutation]
  2540 | D:4      | Gained mutation: You are covered in fur. (AC +1) [potion of
                  | mutation]
  2684 | D:4      | HP: 5/38 [gnoll/+0 spear (6)]
  2685 | D:4      | 2685 ||| READING 2 scrolls of teleportation.
  2685 | D:4      | HP: 2/38 [orc/+0 hand axe (3)]
  2686 | D:4      | 2686 ||| DRINKING potion of heal wounds.
  3269 | D:4      | Reached skill level 6 in Axes
  3323 | D:4      | 3323 ||| Stepping ~*~*~tactically~*~*~ (hiding).
  3341 | D:4      | Reached XP level 7. HP: 33/43 MP: 7/7
  3341 | D:4      | 3341 ||| Stepping ~*~*~tactically~*~*~ (hiding).
  3346 | D:4      | Reached skill level 1 in Dodging
  3624 | D:4      | 3624 ||| DROPPING +0 flail.
  3858 | D:4      | 3858 ||| READING scroll labelled DIHOBB CEQUU.
  3859 | D:4      | 3859 ||| READING scroll labelled BUVAUN JAGEKKU.
  3860 | D:4      | 3860 ||| READING scroll labelled ARISE HITO.
  3861 | D:4      | 3861 ||| READING 3 scrolls of identify.
  3861 | D:4      | 3861 ||| IDENTIFYING glowing yellow potion
  3862 | D:4      | 3862 ||| READING 2 scrolls of identify.
  3862 | D:4      | 3862 ||| IDENTIFYING white potion
  3863 | D:4      | 3863 ||| DROPPING potion of brilliance.
  3864 | D:4      | 3864 ||| DROPPING potion of ambrosia.
  3868 | D:5      | Entered Level 5 of the Dungeon
  3925 | D:5      | 3925 ||| Stepping ~*~*~tactically~*~*~ (stealth).
  4032 | D:5      | Reached skill level 7 in Axes
  4389 | D:5      | 4389 ||| STAIRDANCE
  4414 | D:4      | 4414 ||| UPGRADING to +0 plate armour.
  4424 | D:4      | 4424 ||| DROPPING +0 chain mail.
  4425 | D:4      | 4425 ||| UPGRADING to ring of protection from cold.
  4426 | D:4      | 4426 ||| READING scroll labelled OBIULI DIX OST.
  4434 | D:5      | Reached XP level 8. HP: 42/49 MP: 8/8
  5157 | D:5      | 5157 ||| DRINKING 2 silvery potions.
  5203 | D:6      | 5203 ||| STAIRDANCE
  5222 | D:6      | 5222 ||| STAIRDANCE
  5253 | D:6      | 5253 ||| STAIRDANCE
  5270 | D:6      | 5270 ||| STAIRDANCE
  5306 | D:6      | 5306 ||| STAIRDANCE
  5362 | D:6      | 5362 ||| STAIRDANCE
  5423 | D:6      | Reached skill level 8 in Axes
  5442 | D:6      | 5442 ||| Stepping ~*~*~tactically~*~*~ (stealth).
  5466 | D:6      | Reached skill level 6 in Fighting
  5497 | D:6      | 5497 ||| Stepping ~*~*~tactically~*~*~ (hiding).
  5498 | D:6      | 5498 ||| Stepping ~*~*~tactically~*~*~ (hiding).
  5738 | D:6      | Found a stormy altar of Qazlal.
  5923 | D:6      | Reached XP level 9. HP: 55/55 MP: 9/9
  5966 | D:6      | Reached skill level 9 in Axes
  6014 | D:6      | Found a basalt altar of Yredelemnul.
  6202 | D:7      | 6202 ||| PLANNING OSSUARY
  6206 | D:7      | 6206 ||| STAIRDANCE
  6244 | D:7      | 6244 ||| Stepping ~*~*~tactically~*~*~ (hiding).
  6320 | D:7      | 6320 ||| Stepping ~*~*~tactically~*~*~ (stealth).
  6688 | D:7      | Found a sand-covered staircase.
  6689 | D:7      | 6689 ||| READING scroll labelled NUPODDOGHO.
  6694 | Ossuary  | Entered an ossuary
  6822 | Ossuary  | 6822 ||| FLEEEEING.
  6823 | Ossuary  | 6823 ||| FLEEEEING.
  6824 | Ossuary  | 6824 ||| FLEEEEING.
  6825 | Ossuary  | 6825 ||| FLEEEEING.
  6826 | Ossuary  | 6826 ||| FLEEEEING.
  6827 | Ossuary  | 6827 ||| FLEEEEING.
  6828 | Ossuary  | 6828 ||| FLEEEEING.
  6830 | Ossuary  | 6830 ||| FLEEEEING.
  6831 | Ossuary  | 6831 ||| FLEEEEING.
  6832 | Ossuary  | 6832 ||| FLEEEEING.
  6833 | Ossuary  | 6833 ||| FLEEEEING.
  6834 | Ossuary  | 6834 ||| FLEEEEING.
  6835 | Ossuary  | 6835 ||| FLEEEEING.
  6836 | Ossuary  | 6836 ||| FLEEEEING.
  6837 | Ossuary  | 6837 ||| FLEEEEING.
  6838 | Ossuary  | 6838 ||| FLEEEEING.
  6839 | Ossuary  | 6839 ||| FLEEEEING.
  6840 | Ossuary  | 6840 ||| FLEEEEING.
  6841 | Ossuary  | 6841 ||| FLEEEEING.
  6842 | Ossuary  | 6842 ||| FLEEEEING.
  6843 | Ossuary  | 6843 ||| FLEEEEING.
  6844 | Ossuary  | 6844 ||| FLEEEEING.
  6845 | Ossuary  | 6845 ||| FLEEEEING.
  6846 | Ossuary  | 6846 ||| FLEEEEING.
  7076 | Ossuary  | 7076 ||| Stepping ~*~*~tactically~*~*~ (stealth).
  7179 | D:7      | 7179 ||| PLANNING D:1-11
  7201 | D:7      | Reached skill level 6 in Armour
  7237 | D:7      | Found a staircase to the Ecumenical Temple.
  7238 | D:7      | 7238 ||| PLANNING TEMPLE
  7246 | Temple   | Entered the Ecumenical Temple
  7247 | Temple   | 7247 ||| PLANNING OKAWARU WORSHIP
  7306 | Temple   | Became a worshipper of Warmaster Okawaru
  7307 | Temple   | 7307 ||| PLANNING D:1-11
  7376 | D:7      | 7376 ||| READING scroll labelled BUEXAB CULU.
  7467 | D:8      | 7467 ||| READING scroll of enchant weapon.
  7467 | D:8      | 7467 ||| ENCHANTING +1 war axe.
  7502 | D:8      | Noticed Maurice
  7503 | D:8      | 7503 ||| Stepping ~*~*~tactically~*~*~ (hiding).
  7505 | D:8      | 7505 ||| Stepping ~*~*~tactically~*~*~ (hiding).
  7506 | D:8      | 7506 ||| Stepping ~*~*~tactically~*~*~ (hiding).
  7516 | D:8      | 7516 ||| Stepping ~*~*~tactically~*~*~ (hiding).
  7521 | D:8      | Paralysed by Maurice for 2 turns
  7541 | D:8      | Killed Maurice
  7542 | D:8      | Reached skill level 10 in Axes
  7566 | D:8      | 7566 ||| Stepping ~*~*~tactically~*~*~ (stealth).
  7580 | D:8      | Reached * piety under Okawaru
  7581 | D:8      | Reached XP level 10. HP: 32/64 MP: 10/10
  7581 | D:8      | 7581 ||| INVOKING Heroism.
  7695 | D:8      | 7695 ||| Stepping ~*~*~tactically~*~*~ (stealth).
  7698 | D:8      | 7698 ||| Stepping ~*~*~tactically~*~*~ (stealth).
  7699 | D:8      | 7699 ||| Stepping ~*~*~tactically~*~*~ (stealth).
  7700 | D:8      | 7700 ||| Stepping ~*~*~tactically~*~*~ (hiding).
  7702 | D:8      | 7702 ||| Stepping ~*~*~tactically~*~*~ (hiding).
  7811 | D:8      | Found an ornate altar of the Wu Jian Council.
  7813 | D:8      | Found a radiant altar of Vehumet.
  7935 | D:8      | 7935 ||| Stepping ~*~*~tactically~*~*~ (stealth).
  7956 | D:8      | Reached skill level 1 in Invocations
  7974 | D:8      | 7974 ||| Stepping ~*~*~tactically~*~*~ (stealth).
  7975 | D:8      | 7975 ||| Stepping ~*~*~tactically~*~*~ (stealth).
  7984 | D:8      | 7984 ||| Stepping ~*~*~tactically~*~*~ (stealth).
  7985 | D:8      | 7985 ||| Stepping ~*~*~tactically~*~*~ (stealth).
  8013 | D:8      | 8013 ||| INVOKING Heroism.
  8029 | D:8      | HP: 14/64 [orc priest/nerve-wracking pain (4)]
  8030 | D:8      | 8030 ||| READING scroll of teleportation.
  8209 | D:8      | 8209 ||| Stepping ~*~*~tactically~*~*~ (stealth).
  8211 | D:8      | 8211 ||| INVOKING Heroism.
  8217 | D:8      | 8217 ||| Stepping ~*~*~tactically~*~*~ (hiding).
  8231 | D:8      | 8231 ||| INVOKING Heroism.
  8234 | D:8      | Reached skill level 3 in Invocations
  8250 | D:8      | 8250 ||| INVOKING Heroism.
  8254 | D:8      | Reached skill level 11 in Axes
  8400 | D:8      | Noticed a two-headed ogre
  8401 | D:8      | 8401 ||| Stepping ~*~*~tactically~*~*~ (hiding).
  8403 | D:8      | 8403 ||| Stepping ~*~*~tactically~*~*~ (hiding).
  8408 | D:8      | 8408 ||| INVOKING Heroism.
  8458 | D:8      | 8458 ||| Stepping ~*~*~tactically~*~*~ (stealth).
  8465 | D:8      | 8465 ||| INVOKING Heroism.
  8479 | D:8      | Reached skill level 1 in Throwing
  8480 | D:8      | 8480 ||| Stepping ~*~*~tactically~*~*~ (stealth).
  8481 | D:8      | 8481 ||| Stepping ~*~*~tactically~*~*~ (stealth).
  8484 | D:8      | 8484 ||| Stepping ~*~*~tactically~*~*~ (stealth).
  8486 | D:8      | 8486 ||| Stepping ~*~*~tactically~*~*~ (stealth).
  8490 | D:8      | 8490 ||| Stepping ~*~*~tactically~*~*~ (stealth).
  8510 | D:8      | 8510 ||| DROPPING +1 flail of protection.
  8537 | D:8      | 8537 ||| INVOKING Heroism.
  8545 | D:8      | Killed a two-headed ogre
  8545 | D:8      | Reached ** piety under Okawaru
  9063 | D:8      | 9063 ||| UPGRADING to +0 cloak.
  9068 | D:8      | 9068 ||| READING scroll labelled LIGUSK MOLLON.
  9069 | D:8      | 9069 ||| READING scroll labelled BOQI OREAPRAIRY.
  9070 | D:8      | 9070 ||| READING scroll labelled UNWIONLEPA.
  9071 | D:8      | 9071 ||| READING scroll labelled GAQUCW GOKH.
  9072 | D:8      | 9072 ||| READING 9 scrolls of identify.
  9072 | D:8      | 9072 ||| IDENTIFYING lumpy green potion
  9133 | D:9      | 9133 ||| READING scroll of enchant weapon.
  9133 | D:9      | 9133 ||| ENCHANTING +2 war axe.
  9135 | D:9      | 9135 ||| INVOKING Heroism.
  9176 | D:9      | 9176 ||| INVOKING Heroism.
  9189 | D:9      | Reached skill level 9 in Fighting
  9189 | D:9      | Reached XP level 11. HP: 67/71 MP: 12/14
  9202 | D:9      | 9202 ||| Stepping ~*~*~tactically~*~*~ (stealth).
  9205 | D:9      | 9205 ||| Stepping ~*~*~tactically~*~*~ (stealth).
  9207 | D:9      | Found a staircase to the Orcish Mines.
  9226 | D:9      | 9226 ||| INVOKING Heroism.
  9278 | D:9      | 9278 ||| FLEEEEING.
  9282 | D:9      | 9282 ||| FLEEEEING.
  9283 | D:9      | 9283 ||| FLEEEEING.
  9286 | D:9      | 9286 ||| FLEEEEING.
  9287 | D:9      | 9287 ||| FLEEEEING.
  9288 | D:9      | 9288 ||| FLEEEEING.
  9289 | D:9      | 9289 ||| FLEEEEING.
  9293 | D:9      | 9293 ||| STAIRDANCE
  9407 | D:9      | 9407 ||| INVOKING Heroism.
  9438 | D:9      | Found a staircase to the Lair.
  9445 | D:9      | 9445 ||| Stepping ~*~*~tactically~*~*~ (stealth).
  9452 | D:9      | 9452 ||| INVOKING Heroism.
  9456 | D:9      | HP: 8/71 [orc priest/divine providence (12)]
  9457 | D:9      | 9457 ||| READING scroll of teleportation.
  9467 | D:9      | 9467 ||| FLEEEEING.
  9468 | D:9      | 9468 ||| FLEEEEING.
  9469 | D:9      | 9469 ||| FLEEEEING.
  9470 | D:9      | 9470 ||| STAIRDANCE
  9862 | D:9      | 9862 ||| READING scroll of enchant armour.
  9862 | D:9      | 9862 ||| ENCHANTING +0 cloak.
  9899 | D:9      | 9899 ||| Stepping ~*~*~tactically~*~*~ (stealth).
  9901 | D:9      | 9901 ||| Stepping ~*~*~tactically~*~*~ (hiding).
  9903 | D:9      | 9903 ||| INVOKING Heroism.
  9910 | D:9      | 9910 ||| Stepping ~*~*~tactically~*~*~ (stealth).
  9911 | D:9      | 9911 ||| Stepping ~*~*~tactically~*~*~ (stealth).
  9960 | D:9      | 9960 ||| Stepping ~*~*~tactically~*~*~ (hiding).
 10138 | D:9      | 10138 ||| READING scroll of enchant armour.
 10138 | D:9      | 10138 ||| ENCHANTING +1 cloak.
 10289 | D:9      | 10289 ||| PLANNING LAIR
 10325 | Lair:1   | Entered Level 1 of the Lair of Beasts
 10328 | Lair:1   | Identified the +3 leather armour of Contentment {rC+ SInv}
 10379 | Lair:1   | 10379 ||| INVOKING Heroism.
 10390 | Lair:1   | Reached *** piety under Okawaru
 10391 | Lair:1   | Reached skill level 12 in Axes
 10457 | Lair:1   | 10457 ||| Stepping ~*~*~tactically~*~*~ (stealth).
 10460 | Lair:1   | 10460 ||| Stepping ~*~*~tactically~*~*~ (stealth).
 10466 | Lair:1   | 10466 ||| INVOKING Heroism.
 10484 | Lair:1   | 10484 ||| INVOKING Heroism.
 10491 | Lair:1   | Reached skill level 6 in Shields
 10605 | Lair:1   | 10605 ||| Stepping ~*~*~tactically~*~*~ (stealth).
 10614 | Lair:1   | 10614 ||| Stepping ~*~*~tactically~*~*~ (stealth).
 10615 | Lair:1   | 10615 ||| Stepping ~*~*~tactically~*~*~ (stealth).
 10627 | Lair:1   | 10627 ||| Stepping ~*~*~tactically~*~*~ (stealth).
 10703 | Lair:1   | 10703 ||| INVOKING Heroism.
 10710 | Lair:1   | Received a gift from Okawaru
 10711 | Lair:1   | Reached skill level 9 in Armour
 10856 | Lair:1   | 10856 ||| INVOKING Heroism.
 10888 | Lair:1   | Noticed Joseph
 10905 | Lair:1   | Killed Joseph
 11246 | Lair:1   | Identified the amulet of Arruff {Regen+ Dex+6 Stlth-}
 11378 | Lair:1   | Reached **** piety under Okawaru
 11545 | Lair:1   | Noticed a catoblepas
 11546 | Lair:1   | 11546 ||| INVOKING Heroism.
 11560 | Lair:1   | Killed a catoblepas
 11561 | Lair:1   | Reached XP level 12. HP: 22/77 MP: 13/15
 11736 | Lair:1   | 11736 ||| READING scroll of enchant armour.
 11736 | Lair:1   | 11736 ||| ENCHANTING +0 plate armour.
 11866 | Lair:1   | 11866 ||| UPGRADING to amulet of Arruff {Regen+ Dex+6
                  | Stlth-}.
 11896 | Lair:2   | Noticed a death yak
 11897 | Lair:2   | 11897 ||| INVOKING Heroism.
 11900 | Lair:2   | Noticed a death yak
 11900 | Lair:2   | Noticed a death yak
 11904 | Lair:2   | Noticed a death yak
 11907 | Lair:2   | Noticed a death yak
 11910 | Lair:2   | Killed a death yak
 11915 | Lair:2   | Killed a death yak
 11920 | Lair:2   | 11920 ||| STAIRDANCE
 11926 | Lair:1   | HP: 17/77 [death yak (10)]
 11927 | Lair:1   | Killed a death yak
 11927 | Lair:1   | HP: 7/77 [death yak (11)]
 11928 | Lair:1   | Reached skill level 3 in Dodging
 11929 | Lair:1   | 11929 ||| INVOKING Heroism.
 11932 | Lair:1   | HP: 3/77 [death yak (6)]
 11932 | Lair:1   | Slain by a death yak

Levels and vault maps discovered:
D:1:      minmay_arrival_three_doors, layout_basic, minmay_strange_pillars,
          minmay_misc_feat_square
D:2:      layout_loops_cross, serial_shops, nicolae_shop_stone,
          kennysheep_path_1
D:3:      layout_loops_corners, uniq_jessica, uniq_natasha
D:4:      layout_cave_pods, roderic_lattice_a, nicolae_letterblocks
          [nicolae_letter_subblock, nicolae_letter_subblock,
          nicolae_letter_subblock, nicolae_letter_subblock,
          nicolae_letter_subblock, nicolae_letter_subblock,
          nicolae_letter_subblock, nicolae_letter_subblock,
          nicolae_letter_subblock, nicolae_letter_subblock,
          nicolae_letter_subblock, nicolae_letter_subblock,
          nicolae_letter_subblock, nicolae_letter_subblock,
          nicolae_letter_subblock, nicolae_letter_subblock,
          nicolae_letter_subblock, nicolae_letter_subblock,
          nicolae_letter_subblock, nicolae_letter_subblock,
          nicolae_letter_subblock, nicolae_letter_subblock,
          nicolae_letter_subblock, nicolae_letter_subblock,
          nicolae_letter_subblock]
D:5:      layout_loops_corners
D:6:      layout_cave_pools, yredelemnul_forgotten_temple_becter,
          lemuel_tele_altar, serial_undead, serial_undead_e, serial_undead_c,
          serial_undead_a, serial_undead_d, serial_undead_a, serial_undead_c,
          serial_undead_b, serial_undead_b, minivault_24, item_on_display_a
D:7:      layout_rooms, minmay_temple_entry_offerings, serial_curves,
          eino_curves_04, eino_curves_02, enter_ossuary_5, grunt_decor_cap
D:8:      minmay_slanted_spiral_squares, layout_basic,
          chequers_temple_overflow_statue_of_worship, uniq_maurice
D:9:      layout_loops_ring, grunt_lair_entry_orc_guard_hut, hiddenorc2_lemuel
Temple:   nicolae_temple_x_marks_the_god
Lair:1:   layout_cave_pods, st_stairs_10, columned_hall_lemuel,
          grunt_megastairs_5, uniq_joseph
Lair:2:   layout_hall_layers, minmay_shoals_entry_centaurs, dummy_snake_entry,
          beast_lair_carwin_6

Skill      XL: |  1  2  3  4  5  6  7  8  9 10 11 12 |
---------------+-------------------------------------+-----
Axes           | 2 3 4 5 6 7 8 10 11 12 | 12.4
Fighting       | 4 5 6 8 9 10 | 10.0
Dodging        | 1 2 3 |  3.2
Armour         | 4 5 6 7 9 |  9.0
Shields        | 4 5 6 |  6.4
Invocations    | 4 5 |  5.5
Throwing       | 1 2 |  2.1

Action                     |  1- 3 |  4- 6 |  7- 9 | 10-12 || total
---------------------------+-------+-------+-------+-------++-------
  Melee: War axe           |    86 |   160 |   389 |   493 ||  1128
  Throw: Boomerang         |       |       |       |    70 ||    70
 Invoke: Heroism           |       |       |       |    22 ||    22
    Use: Scroll            |     4 |     4 |     9 |    11 ||    28
         Potion            |     4 |     3 |     1 |       ||     8
 Armour: Scale mail        |    36 |       |       |       ||    36
         Chain mail        |     8 |    96 |    38 |       ||   142
         Plate armour      |       |       |   359 |   341 ||   700
  Dodge: Dodged            |    34 |    87 |   155 |   153 ||   429
  Block: Buckler           |    15 |    35 |    80 |    98 ||   228

Table legend:
 A = Non-vault XP
 B = Vault XP
 C = Vault XP percentage of total XP
 D = Non-vault monster count
 E = Vault monster count
 F = Vault count percentage of total count
                 A         B        C        D         E       F
            +---------+---------+-------+---------+---------+-------
      Total |   14637 |    6925 |  32.1 |     184 |     111 |  37.6
            +---------+---------+-------+---------+---------+-------
        D:1 |      16 |       0 |   0.0 |      10 |       0 |   0.0
        D:2 |      49 |       0 |   0.0 |      13 |       0 |   0.0
        D:3 |     189 |      76 |  28.7 |      20 |       2 |   9.1
        D:4 |     444 |       0 |   0.0 |      22 |       0 |   0.0
        D:5 |     675 |       0 |   0.0 |      19 |       0 |   0.0
        D:6 |     478 |     761 |  61.4 |       8 |      18 |  69.2
        D:7 |     823 |       0 |   0.0 |      11 |       0 |   0.0
        D:8 |    2038 |    3102 |  60.4 |      34 |      17 |  33.3
        D:9 |    2266 |    1435 |  38.8 |      21 |      37 |  63.8
     Lair:1 |    6043 |    1518 |  20.1 |      24 |       7 |  22.6
     Lair:2 |    1616 |       0 |   0.0 |       2 |       0 |   0.0
    Ossuary |       0 |      33 | 100.0 |       0 |      30 | 100.0
            +---------+---------+-------+---------+---------+-------
